 Dungeon Crawl Stone Soup version 0.30-a0-591-g3c58d2bc28 (webtiles) character file.

Game seed: 3743602517121712228

6590 Juicyj the Fighter (level 10, -2/141 HPs)
             Began as a Minotaur Berserker on Jan 4, 2023.
             Was a High Priest of Trog.
             Slain by soul19's ghost (24 damage)
             ... on level 8 of the Dungeon.
             The game lasted 00:12:23 (8138 turns).

Juicyj the Fighter (Minotaur Berserker)             Turns: 8138, Time: 00:12:24

Health: -2/141     AC: 15    Str: 28      XL:     10   Next: 71%
Magic:  9/9        EV: 14    Int:  5 (7)  God:    Trog [*****.]
Gold:   1159       SH:  6    Dex: 11 (12) Spells: 9/9 levels left

rFire   . . .      SeeInvis .    p - +3 spear (heavy)
rCold   + . .      Faith    .    g - +3 buckler {AC+3}
rNeg    + . .      Spirit   .    n - +7 leather armour "Nyomolat" {Str+6 Int-3 Stlth+}
rPois   .          Reflect  .    (helmet restricted)
rElec   .          Harm     .    (no cloak)
rCorr   .          Rampage  .    (no gloves)
Will    .....                    D - +0 pair of boots {Fly} Stlth
                                 q - amulet of regeneration
HPRegen 1.23/turn                m - ring of positive energy
MPRegen 0.11/turn                r - +6 ring of intelligence

@: berserking (expiring), flying, very quick
A: horns 2, retaliatory headbutt, clumsy 1, cold resistance 1
a: Renounce Religion, Berserk, Trog's Hand, Brothers in Arms


You were on level 8 of the Dungeon.
You worshipped Trog.
Trog was extremely pleased with you.
You visited 2 branches of the dungeon, and saw 9 of its levels.
You also visited: Bailey.

You collected 1159 gold pieces.

Inventory:

Hand Weapons
 a - a +0 spear
 k - a +2 heavy spear
 p - a +3 heavy spear (weapon)
Armour
 b - a +1 animal skin
 g - a +3 buckler of protection (worn)
 n - the +7 leather armour "Nyomolat" (worn) {Str+6 Int-3 Stlth+}
   (You found it on level 4 of the Dungeon)

   Str:       It affects your strength (+6).
   Int:       It affects your intelligence (-3).
   Stlth:     It makes you more stealthy.
 D - a +0 pair of boots of flying (worn)
Jewellery
 m - a ring of positive energy (left hand)
 q - an amulet of regeneration (around neck)
 r - a +6 ring of intelligence (right hand)
 u - a ring of flight
 z - a ring of protection from cold
Wands
 h - a wand of mindburst (5)
 j - a wand of iceblast (3)
 o - a wand of polymorph (6)
 v - a wand of flame (8)
 B - a wand of paralysis (14)
Scrolls
 c - 3 scrolls of amnesia
 d - 2 scrolls of fear
 i - 8 scrolls of teleportation
 t - a scroll of fog
 w - 2 scrolls of identify
 x - a scroll of poison
 y - a scroll of blinking
Potions
 e - 3 potions of flight
 f - a potion of haste
 l - 4 potions of curing
 s - a potion of magic
 A - a potion of brilliance


   Skills:
 + Level 10.5 Fighting
 + Level 10.4 Polearms
 + Level 10.2 Armour
 + Level 9.3 Dodging


You had 9 spell levels left.
You didn't know any spells.
Your spell library was empty.

Dungeon Overview and Level Annotations

Branches:
Dungeon (8/15)             Temple (1/1) D:5          Bailey (visited)
   Lair: D:8-11

Altars:
Ashenzari
Dithmenos
Elyvilon
Fedhas
Hepliaklqana
Kikubaaqudgha
Makhleb
Nemelex Xobeh
Okawaru
Qazlal
Ru
Sif Muna
Trog
Uskayaw
Wu Jian
Xom
Yredelemnul
The Shining One

Annotations:
D:8 soul19's ghost, novice GrFi


Innate Abilities, Weirdness & Mutations

You have a pair of horns on your head.
You reflexively headbutt those who attack you in melee.
You are clumsy. (Dex -2)
Your flesh is cold resistant. (rC+)


Message History

Taurus's ghost says, "Do you think the gods will protect you?"
Taurus's ghost hits you.
You writhe in agony.
Soul19's ghost misses you.
You barely miss Taurus's ghost.
Taurus's ghost is heavily damaged.
You hit Taurus's ghost.
Taurus's ghost is severely damaged.
You block Taurus's ghost's attack. Soul19's ghost hits you.
You hit Taurus's ghost.
Taurus's ghost is severely damaged.
You block Taurus's ghost's attack. Soul19's ghost hits you!!
* * * LOW HITPOINT WARNING * * *
You puncture Taurus's ghost! Your headbutt misses Taurus's ghost.
Taurus's ghost is almost destroyed.
You closely miss Taurus's ghost.
Taurus's ghost is almost destroyed.
Taurus's ghost hits you.
* * * LOW HITPOINT WARNING * * *
You writhe in agony.
* * * LOW HITPOINT WARNING * * *
Soul19's ghost hits you.
* * * LOW HITPOINT WARNING * * *
You puncture Taurus's ghost!
Taurus's ghost is almost destroyed.
Taurus's ghost barely misses you. Soul19's ghost closely misses you.
You puncture Taurus's ghost!
You feel the power of Trog in you as your rage grows.
You destroy Taurus's ghost!
Trog accepts your kill.
You feel your intelligence returning.
You barely miss soul19's ghost.
You headbutt soul19's ghost, but do no damage.
Soul19's ghost is lightly damaged.
Soul19's ghost hits you!
* * * LOW HITPOINT WARNING * * *
You hit soul19's ghost but do no damage.
Soul19's ghost is lightly damaged.
You hit soul19's ghost but do no damage.
Soul19's ghost is lightly damaged.
Soul19's ghost hits you!!
You die...

...######### ######.#
#).........###############)#####
#..........'..................>#
#..........###################.#
#.....########### #####.#
##.####.........#### #.....#
#...##............# #.....#
####...........W...# #.....# #
####...####''@### #####.# #
###.#♣.......♣ #.# #
#.#⌠.......⌠# #.#
###########♣.......♣# ###.#
..........#........$# ##...#
#########.##8.....8## #####..###
# #..##$)8(.## ##.....## #
#...##########...)..#
#.....######...#....#


You could see soul19's ghost.

Vanquished Creatures
  A two-headed ogre (D:8)
  The ghost of Taurus the Cleaver, a novice MiFi (D:8)
  Pikel (D:5)
  The ghost of spardeous the Geomancer, a novice FeEE (D:8)
  Grinder (D:5)
  A hornet (D:4)
  A wraith (D:5)
  A vampire (D:8)
  Edmund (D:5)
  2 water moccasins
  Duvessa (D:6)
  7 orc warriors
  A black bear (D:8)
  An ice beast (D:6)
  3 sky beasts
  2 ogres (D:5)
  A centaur (D:7)
  2 phantoms
  A kobold brigand (D:6)
  A necrophage (D:6)
  3 bullfrogs
  3 scorpions
  6 wights
  Dowan (D:6)
  5 killer bees (D:6)
  6 electric eels (D:5)
  A jelly (D:4)
  6 orc priests
  A gnoll bouda (D:7)
  2 hounds (D:5)
  3 iguanas
  3 orc wizards
  20 gnolls
  4 adders
  A shadow imp (D:7)
  A white imp (D:6)
  An ufetubus (D:5)
  2 worms
  A dart slug (D:1)
  27 orcs
  4 ball pythons
  2 bats
  A bat zombie (D:7)
  8 endoplasms
  2 giant cockroaches
  15 goblins
  10 hobgoblins
  5 jackals
  19 kobolds
  3 quokkas
  A frilled lizard (D:1)
  9 rats
  A rat zombie (D:7)
208 creatures vanquished.

Vanquished Creatures (others)
  An orc wizard (D:7)
  4 plants (D:5)
5 creatures vanquished.

Grand Total: 213 creatures vanquished

Notes
Turn   | Place    | Note
-------+----------+-------------------------------------------
     0 | D:1      | Juicyj the Minotaur Berserker began the quest for the Orb.
     0 | D:1      | Reached XP level 1. HP: 19/19 MP: 0/0
   106 | D:1      | Reached XP level 2. HP: 18/27 MP: 1/1
   387 | D:1      | Reached ** piety under Trog
   486 | D:1      | Reached XP level 3. HP: 20/33 MP: 2/2
  1083 | D:2      | Reached XP level 4. HP: 40/40 MP: 3/3
  1506 | D:3      | Found a shimmering altar of Xom.
  1652 | D:3      | Found a faded altar of an unknown god.
  1667 | D:3      | Noticed a scorpion
  1673 | D:3      | Killed a scorpion
  1674 | D:3      | Reached XP level 5. HP: 36/47 MP: 4/4
  2279 | D:4      | Found a blossoming altar of Fedhas.
  2433 | D:4      | Reached skill level 5 in Fighting
  2434 | D:4      | Reached skill level 5 in Polearms
  2724 | D:4      | Reached XP level 6. HP: 56/56 MP: 5/5
  2724 | D:4      | Noticed a hornet
  2728 | D:4      | Paralysed by a hornet for 1 turns
  2729 | D:4      | Killed a hornet
  2953 | D:4      | Reached skill level 5 in Armour
  2996 | D:4      | Reached XP level 7. HP: 62/62 MP: 6/6
  2998 | D:4      | Identified the +7 leather armour "Nyomolat" {Str+6 Int-3
                  | Stlth+}
  3635 | D:5      | Entered Level 5 of the Dungeon
  3644 | D:5      | Found a staircase to the Ecumenical Temple.
  3685 | Temple   | Entered the Ecumenical Temple
  3856 | D:5      | Reached skill level 5 in Dodging
  3899 | D:5      | Noticed Grinder
  3909 | D:5      | Killed Grinder
  3910 | D:5      | Reached XP level 8. HP: 61/71 MP: 7/7
  4006 | D:5      | Noticed Edmund
  4017 | D:5      | Killed Edmund
  4943 | D:5      | Reached *** piety under Trog
  5152 | D:5      | Noticed Pikel
  5161 | D:5      | Killed Pikel
  5162 | D:5      | Reached XP level 9. HP: 78/81 MP: 8/8
  5184 | D:5      | Found a sparkling altar of Nemelex Xobeh.
  5482 | D:6      | Noticed Dowan
  5483 | D:6      | Noticed Duvessa
  5488 | D:6      | Killed Duvessa
  5490 | D:6      | Killed Dowan
  6380 | D:7      | Reached **** piety under Trog
  6432 | D:7      | Gained mutation: Your flesh is cold resistant. (rC+)
                  | [potion of mutation]
  6432 | D:7      | Gained mutation: You are clumsy. (Dex -2) [potion of
                  | mutation]
  6566 | D:7      | Found a broken altar of Ashenzari.
  6743 | D:7      | Reached XP level 10. HP: 38/91 MP: 9/9
  6966 | D:7      | Found an ancient bone altar of Kikubaaqudgha.
  7124 | D:8      | Found a glowing golden altar of the Shining One.
  7316 | D:8      | Noticed a two-headed ogre
  7329 | D:8      | Killed a two-headed ogre
  7330 | D:8      | Reached skill level 10 in Fighting
  7330 | D:8      | Reached skill level 10 in Polearms
  7406 | D:8      | Found a flagged portal.
  7433 | Bailey   | Entered a bailey
  7504 | Bailey   | Reached ***** piety under Trog
  7639 | Bailey   | Identified the +0 great sword of Symmetry {speed, Stlth+}
  7825 | D:8      | Found a runed translucent gate.
  7826 | D:8      | Found a runed translucent gate.
  7828 | D:8      | Found a runed translucent gate.
  7828 | D:8      | Noticed spardeous's ghost (novice FeEE)
  7829 | D:8      | Noticed Taurus's ghost (novice MiFi)
  7829 | D:8      | Noticed soul19's ghost (novice GrFi)
  8125 | D:8      | Killed spardeous's ghost
  8126 | D:8      | Reached skill level 10 in Armour
  8135 | D:8      | Killed Taurus's ghost
  8138 | D:8      | Slain by soul19's ghost

Illustrated notes

Levels and vault maps discovered:
D:1:      wander_arrival_estate, layout_loops_ring
D:2:      layout_basic
D:3:      layout_basic, mainiacjoe_overflow_cross_hatched,
          hellmonk_ecumenical_altar_run_dry, minmay_unequal
D:4:      nicolae_cairo_tiling_large, layout_layer_cave, fedhas_altar_4
D:5:      cheibrodos_two_vegetables, layout_rooms, nemelex_altar_shiori,
          minmay_temple_entry_mist, minmay_quadrilaterals, uniq_edmund,
          uniq_grinder, uniq_pikel
D:6:      layout_basic, hangedman_decor_push, chequers_garden, uniq_duvessa
D:7:      layout_loops_ring, lemuel_zombie_altar_kikubaaqudgha,
          cheibrodos_ashenzari_chains, minmay_puff
D:8:      layout_basic, mainiacjoe_overflow_boulevard, enter_bailey_5,
          gammafunk_ghost_cemetery
Temple:   nicolae_temple_ecumenical_triangle

Skill      XL: |  1  2  3  4  5  6  7  8  9 10 |
---------------+-------------------------------+-----
Fighting       | 4 5 6 8 9 10 | 10.5
Polearms       | 4 5 6 8 9 10 | 10.4
Armour         | 3 4 5 6 7 9 10 | 10.2
Dodging        | 3 4 5 6 8 9 |  9.3

Action                   |  1- 3 |  4- 6 |  7- 9 | 10-12 || total
-------------------------+-------+-------+-------+-------++-------
Melee: Spear             |   106 |    76 |   231 |   187 ||   600
       Headbutt          |     6 |    12 |    28 |    21 ||    67
Throw: Throwing net      |       |     2 |       |       ||     2
Invok: Berserk           |       |       |       |     1 ||     1
Evoke: Wand              |       |     5 |     6 |       ||    11
  Use: Scroll            |     7 |     5 |     8 |     3 ||    23
       Potion            |     1 |       |     4 |     2 ||     7
 Stab: Sleeping          |     3 |     4 |     5 |     1 ||    13
Armor: Animal skin       |    17 |    13 |       |       ||    30
       Leather armour    |       |       |    65 |    50 ||   115
Dodge: Dodged            |    40 |    24 |   115 |    80 ||   259
Block: Buckler           |     5 |    14 |    60 |    33 ||   112

Table legend: (Time is in decaauts)
 A = Elapsed time spent in this place.
 B = Non-inter-level travel time spent in this place.
 C = Inter-level travel time spent in this place.
 D = Time resting spent in this place.
 E = Time spent auto-exploring this place.
 F = Levels seen in this place.
 G = Mean time per level.
                   A        B        C        D        E       F      G
               +--------+--------+--------+--------+--------+-----+--------+
         Total |   8160 |   8034 |    126 |    473 |   6075 |  10 |  816.0 |
       Dungeon |   7827 |   7701 |    126 |    473 |   5992 |   8 |  978.4 |
        Temple |     65 |     65 |      0 |      0 |      0 |   1 |   65.0 |
        Bailey |    267 |    267 |      0 |      0 |     83 |   1 |  267.0 |
               +--------+--------+--------+--------+--------+-----+--------+

Top non-repeatable levels by time:
     D:4: 1678 daAuts
     D:5: 1563 daAuts
     D:7: 937 daAuts
     D:6: 881 daAuts
     D:8: 815 daAuts
     D:2: 762 daAuts
     D:1: 730 daAuts
     D:3: 457 daAuts
  Bailey: 267 daAuts
  Temple: 65 daAuts
